 Dungeon Crawl Stone Soup version 0.30-a0-840-ga523dec638 (webtiles) character file.

Game seed: 3488982119588093144

137 Zenkrye the Insei (level 4, -2/34 HPs)
             Began as a Demigod Transmuter on Mar 1, 2023.
             Killed from afar by Ijyb (9 damage)
             ... with a puff of flame
             ... on level 3 of the Dungeon.
             The game lasted 00:05:17 (2258 turns).

Zenkrye the Insei (Demigod Transmuter)              Turns: 2258, Time: 00:05:17

Health: -2/34      AC:  2    Str: 11    XL:     4   Next: 68%
Magic:  6/9        EV: 19    Int: 19    God:
Gold:   37         SH:  0    Dex: 19    Spells: 3/7 levels left

rFire   . . .      SeeInvis .      - Unarmed
rCold   . . .      Faith    .    (shield currently unavailable)
rNeg    . . .      Spirit   .    (body armour currently unavailable)
rPois   x          Reflect  .    (helmet currently unavailable)
rElec   .          Harm     .    (cloak currently unavailable)
rCorr   .          Rampage  .    (gloves currently unavailable)
Will    .....                    (boots currently unavailable)
Stlth   ++                       (no amulet)
HPRegen 0.25/turn                (no ring)
MPRegen 0.11/turn                (no ring)

@: spider-form
A: venomous fangs, tiny, high MP 1, forlorn, divine attributes
a: End Transformation


You were on level 3 of the Dungeon.
You were a venomous arachnid creature.
You visited 1 branch of the dungeon, and saw 3 of its levels.

You collected 136 gold pieces.
You spent 99 gold pieces at shops.

Inventory:

Hand Weapons
 g - a +0 sling
Armour
 f - a +0 pair of boots (melded)
 h - the +1 robe "Deuxar" (melded) {Will+}
   (You found it on level 3 of the Dungeon)

   Will:      It increases your willpower.
 i - a +0 pair of gloves (melded)
Jewellery
 r - a ring of resist corrosion
Scrolls
 c - a scroll of teleportation {@r3}
Potions
 a - a potion of haste {@q3}
 b - 2 potions of lignification
 d - a potion of attraction {unknown}
 e - a potion of cancellation


   Skills:
 - Level 0.8 Fighting
 - Level 1.7 Dodging
 - Level 4.4 Unarmed Combat
 - Level 2.0 Spellcasting
 + Level 2.5 Transmutations
 + Level 1.3 Poison Magic


You had 3 spell levels left.
You knew the following spells:

 Your Spells              Type           Power      Damage    Failure   Level
a - Beastly Appendage     Tmut           22%        N/A       17%         1
b - Spider Form           Tmut/Pois      9%         N/A       43%         3

Your spell library contained the following spells:

 Spells                   Type           Power      Damage    Failure   Level
 Wereblood                Tmut           11%        N/A       22%         2
 Ice Form                 Ice/Tmut       6%         N/A       86%         4


Dungeon Overview and Level Annotations

Branches:
Dungeon (3/15)

Shops:
D:3 [

Annotations:
D:3 Ijyb


Innate Abilities, Weirdness & Mutations

You are a venomous arachnid creature.
You have venomous fangs.
You are tiny and dextrous.
Your spellcasting is less reliable in this form.
Your armour is entirely melded.
You are incapable of wielding weapons or throwing items.
You have an increased reservoir of magic. (+10% MP)
You shall have no god before yourself.
Your divine heritage dramatically boosts your attributes as you level up.


Message History

Your transformation is almost over.
Your transformation has ended.
Your +0 pair of gloves unmelds from your body.
Your +0 pair of boots unmelds from your body.
The +1 robe "Deuxar" {Will+} unmelds from your body.
You now have 37 gold pieces (gained 4).
You open the door.
Ijyb the Twisted Goblin comes into view.
She is wielding a +0 club and carrying a wand of flame (10).
Casting: Spider Form (quite dangerous; 22% risk of failure)
Confirm with . or Enter, or press ? or * to list all spells.
The spell is quite dangerous to miscast (22% risk of failure)!
Continue anyway?
You turn into a venomous arachnid creature.
Your +0 pair of gloves melds into your body.
Your +0 pair of boots melds into your body.
The +1 robe "Deuxar" {Will+} melds into your body.
Ijyb shouts!
Ijyb drinks a potion.
Ijyb seems to speed up.
Ijyb zaps a wand.
The puff of flame hits you.
Ijyb zaps a wand.
The puff of flame hits you!
There is an open door here.
You hit Ijyb but do no damage.
Ijyb is poisoned.
Ijyb misses you.
You barely miss Ijyb. Ijyb hits you with a +0 club. Ijyb closely misses you.
You hit Ijyb.
Ijyb looks as sick as possible!
Ijyb is moderately wounded.
Ijyb completely misses you.
You barely miss Ijyb.
Ijyb is heavily wounded.
Ijyb hits you with a +0 club.
You are too injured to fight recklessly!
You are too injured to fight recklessly!
You are too injured to fight recklessly!
You hit Ijyb.
Ijyb is severely wounded.
Ijyb closely misses you.
You completely miss Ijyb.
Ijyb is almost dead.
Ijyb zaps a wand.
The puff of flame hits you!
* * * LOW HITPOINT WARNING * * *
Ijyb zaps a wand.
The puff of flame hits you!
You die...

### #########
########.#######........
##.......#....##........
##.#####.#....##g.......
##.# #.#....##s## ##.#
#.#........# ##.#
#.###.##...# ##.# #.#
#......# ##.# #.#
####.### ##.#####.# #.#
.........# #.#
##.####### #.# ##.#
######.#


You could see Ijyb (fast, very poisoned).

Vanquished Creatures
  Natasha (thrice) (D:2)
  2 adders
  A dart slug (D:3)
  3 ball pythons
  3 bats (D:1)
  5 endoplasms
  2 giant cockroaches (D:2)
  6 goblins
  5 hobgoblins
  2 jackals (D:1)
  A quokka (D:1)
  3 frilled lizards
  4 kobolds
  2 rats
42 creatures vanquished.

Notes
Turn   | Place    | Note
-------+----------+-------------------------------------------
     0 | D:1      | Zenkrye the Demigod Transmuter began the quest for the Orb.
     0 | D:1      | Reached XP level 1. HP: 15/15 MP: 5/5
   123 | D:1      | Reached skill level 3 in Unarmed Combat
   366 | D:1      | Reached XP level 2. HP: 22/22 MP: 7/7
  1149 | D:2      | Noticed Natasha
  1157 | D:2      | Killed Natasha
  1158 | D:2      | Reached skill level 4 in Unarmed Combat
  1158 | D:2      | Reached XP level 3. HP: 18/27 MP: 5/8
  1184 | D:2      | Learned a level 3 spell: Spider Form
  1203 | D:2      | Noticed Natasha
  1214 | D:2      | Killed Natasha
  1215 | D:2      | Reached XP level 4. HP: 22/34 MP: 3/9
  1555 | D:2      | Noticed Natasha
  1562 | D:2      | Killed Natasha
  1724 | D:2      | Reached skill level 1 in Poison Magic
  1929 | D:3      | Identified the +1 robe "Deuxar" {Will+}
  2068 | D:3      | Found Koocesel's Antique Armour Emporium.
  2072 | D:3      | Bought a pair of gloves for 99 gold pieces
  2250 | D:3      | Noticed Ijyb
  2258 | D:3      | Killed from afar by Ijyb

Illustrated notes

Levels and vault maps discovered:
D:1:      dpeg_arrival_round_c, layout_loops_ring, hangedman_decor_growths
D:2:      layout_basic, chequers_ecumenical_altar_grove,
          corexii_hall_statues_deadend, minmay_misc_feat_room,
          minmay_octomino_j4, uniq_natasha
D:3:      layout_basic, serial_shops, shop, uniq_ijyb, uniq_crazy_yiuf_cottage

Skill      XL: |  1  2  3  4 |
---------------+-------------+-----
Unarmed Combat | 3 4 |  4.4
Transmutations | 2 |  2.5
Spellcasting   | 2 |  2.0
Poison Magic   | 1 |  1.3
Fighting       | |  0.8
Dodging        | |  1.7

Action                     |  1- 3 |  4- 6 || total
---------------------------+-------+-------++-------
  Melee: Unarmed           |    77 |    28 ||   105
         Kick              |    14 |     2 ||    16
         Headbutt          |     4 |     1 ||     5
         Punch             |     1 |     1 ||     2
   Cast: Beastly Appendage |    15 |     4 ||    19
         Spider Form       |     1 |     3 ||     4
    Use: Scroll            |     2 |     5 ||     7
   Stab: Sleeping          |     3 |       ||     3
 Armour: Robe              |     6 |     4 ||    10
  Dodge: Dodged            |    46 |    15 ||    61

Table legend: (Time is in decaauts)
 A = Elapsed time spent in this place.
 B = Non-inter-level travel time spent in this place.
 C = Inter-level travel time spent in this place.
 D = Time resting spent in this place.
 E = Time spent auto-exploring this place.
 F = Levels seen in this place.
 G = Mean time per level.
                   A        B        C        D        E       F      G
               +--------+--------+--------+--------+--------+-----+--------+
         Total |   2261 |   2205 |     56 |     32 |   1827 |   3 |  753.7 |
       Dungeon |   2261 |   2205 |     56 |     32 |   1827 |   3 |  753.7 |
               +--------+--------+--------+--------+--------+-----+--------+

Top non-repeatable levels by time:
     D:2: 1051 daAuts
     D:1: 754 daAuts
     D:3: 455 daAuts
